[ AOE2 MATCH · #506802455 ]
UnrankedHuns vs Magyars
Player's team · LOSS
Rival team · WIN
[ REPLAY ANALYSIS · EXTRACTED FROM THE RECORDED GAME ]
Feudal
8:51
Castle
—
Imperial
—
| APM avg | 87.3 |
| APM peak | 118 |
| eAPM avg | 27.1 |
| Villagers / military | 35 / 7 |
Focus
⚔️ 44.3% · 🌾 55.7%
Skirmisher ×5 · Spearman ×2
Feudal
10:39
Castle
—
Imperial
—
| APM avg | 42.4 |
| APM peak | 99 |
| eAPM avg | 15.2 |
| Villagers / military | 34 / 0 |
Focus
⚔️ 27.9% · 🌾 72.1%
Match map
Initial resources + every placement click. Lines = walls · curves = elevation contours. ◆ gold · ⬟ stone · ● berries · ✦ relic · ◌ wall gap
Your base· Open — unwalled flank
doecke998's base· Open — unwalled flank
Smoothed initial terrain · ◌ = detected wall gap · hover for details
Inputs per minute
— unfold - - doecke998
Build order — unfold
62 actions detected in the replay
| 0:00 | Create | Villager (Male) |
| 0:11 | Create | Villager (Male) |
| 0:12 | Create | Villager (Male) |
| 0:16 | Create | Villager (Male) |
| 1:24 | Create | Villager (Male) |
| 1:33 | Build | Mill |
| 1:55 | Create | Villager (Male) |
| 2:15 | Create | Villager (Male) |
| 2:15 | Create | Villager (Male) |
| 2:46 | Create | Villager (Male) |
| 3:11 | Create | Villager (Male) |
| 3:15 | Create | Villager (Male) |
| 3:52 | Create | Villager (Male) |
| 3:55 | Create | Villager (Male) |
| 4:20 | Create | Villager (Male) |
| 4:33 | Create | Villager (Male) |
| 4:53 | Create | Villager (Male) |
| 5:03 | Create | Villager (Male) |
| 5:14 | Create | Villager (Male) |
| 5:43 | Build | Lumber Camp |
| 6:06 | Research | Loom |
| 6:34 | Research | Feudal Age |
| 7:24 | Build | Barracks |
| 7:53 | Create | Villager (Male) |
| 8:34 | Create | Villager (Male) |
| 8:51 | Age | Feudal Age |
| 8:52 | Build | Archery Range |
| 8:53 | Create | Spearman |
| 8:53 | Create | Spearman |
| 8:55 | Research | Double-Bit Axe |
| 8:57 | Create | Villager (Male) |
| 9:18 | Create | Villager (Male) |
| 9:32 | Build | Watch Tower |
| 9:34 | Create | Skirmisher |
| 9:34 | Create | Skirmisher |
| 9:34 | Create | Skirmisher |
| 9:44 | Create | Villager (Male) |
| 9:45 | Build | Farm |
| 10:13 | Create | Skirmisher |
| 10:14 | Create | Skirmisher |
| 10:39 | Build | Farm |
| 10:45 | Create | Villager (Male) |
| 10:48 | Build | Farm |
| 10:50 | Build | Farm |
| 11:05 | Build | Farm |
| 11:11 | Build | Farm |
| 11:22 | Create | Villager (Male) |
| 11:25 | Build | Farm |
| 11:26 | Build | Farm |
| 11:41 | Create | Villager (Male) |
| 11:55 | Build | Palisade Wall |
| 11:57 | Build | Palisade Wall |
| 11:59 | Create | Villager (Male) |
| 12:27 | Build | Mill |
| 12:28 | Create | Villager (Male) |
| 12:44 | Create | Villager (Male) |
| 12:51 | Create | Villager (Male) |
| 12:55 | Create | Villager (Male) |
| 12:58 | Create | Villager (Male) |
| 13:21 | Create | Villager (Male) |
| 13:22 | Create | Villager (Male) |
| 13:38 | Create | Villager (Male) |
Build order — doecke998
75 actions detected in the replay
| 0:00 | Create | Villager (Male) |
| 0:01 | Create | Villager (Male) |
| 0:02 | Build | House |
| 0:03 | Build | House |
| 0:18 | Create | Villager (Male) |
| 0:18 | Create | Villager (Male) |
| 1:39 | Create | Villager (Male) |
| 1:40 | Create | Villager (Male) |
| 2:01 | Create | Villager (Male) |
| 2:01 | Create | Villager (Male) |
| 2:10 | Build | Lumber Camp |
| 2:18 | Create | Villager (Male) |
| 2:19 | Create | Villager (Male) |
| 2:41 | Create | Villager (Male) |
| 2:41 | Create | Villager (Male) |
| 2:41 | Create | Villager (Male) |
| 3:03 | Create | Villager (Male) |
| 3:03 | Create | Villager (Male) |
| 3:03 | Create | Villager (Male) |
| 3:11 | Build | House |
| 3:14 | Build | House |
| 3:26 | Create | Villager (Male) |
| 3:26 | Create | Villager (Male) |
| 3:26 | Create | Villager (Male) |
| 3:51 | Create | Villager (Male) |
| 3:51 | Create | Villager (Male) |
| 3:52 | Create | Villager (Male) |
| 3:54 | Build | House |
| 4:29 | Build | Palisade Wall |
| 4:43 | Create | Villager (Male) |
| 4:44 | Create | Villager (Male) |
| 4:44 | Create | Villager (Male) |
| 4:53 | Build | Mill |
| 5:23 | Create | Villager (Male) |
| 5:23 | Create | Villager (Male) |
| 5:32 | Build | Palisade Wall |
| 5:58 | Create | Villager (Male) |
| 6:20 | Build | Mill |
| 6:32 | Create | Villager (Male) |
| 6:32 | Create | Villager (Male) |
| 6:32 | Create | Villager (Male) |
| 6:47 | Create | Villager (Male) |
| 7:19 | Build | Mining Camp |
| 7:30 | Build | Palisade Wall |
| 8:01 | Research | Loom |
| 8:26 | Research | Feudal Age |
| 8:32 | Build | Palisade Wall |
| 8:37 | Build | Palisade Wall |
| 8:38 | Build | Palisade Wall |
| 8:38 | Build | Palisade Wall |
| 8:41 | Create | Villager (Male) |
| 8:42 | Create | Villager (Male) |
| 8:49 | Build | Palisade Wall |
| 8:50 | Build | Palisade Wall |
| 8:50 | Build | Palisade Wall |
| 8:51 | Build | Palisade Wall |
| 8:52 | Build | Palisade Wall |
| 8:56 | Build | Palisade Wall |
| 8:57 | Build | Palisade Wall |
| 8:57 | Build | Palisade Wall |
| 8:59 | Build | Palisade Wall |
| 9:00 | Build | Palisade Wall |
| 9:05 | Build | Palisade Wall |
| 9:15 | Build | Palisade Wall |
| 9:16 | Build | Palisade Wall |
| 9:17 | Build | Palisade Wall |
| 10:39 | Age | Feudal Age |
| 10:47 | Build | Palisade Wall |
| 11:10 | Build | Market |
| 11:33 | Build | House |
| 11:58 | Build | Blacksmith |
| 12:47 | Build | Farm |
| 12:57 | Build | Farm |
| 13:31 | Build | Farm |
| 13:37 | Build | Farm |
Match timeline
| 4:29 | doecke998 · wall_segment Palisade Wall x5 |
| 5:32 | doecke998 · wall_segment Palisade Wall x7 |
| 7:24 | unfold · first_building Barracks |
| 7:30 | doecke998 · wall_segment Palisade Wall x1 |
| 8:32 | doecke998 · wall_segment Palisade Wall x1 |
| 8:37 | doecke998 · wall_segment Palisade Wall x1 |
| 8:38 | doecke998 · wall_segment Palisade Wall x1 |
| 8:38 | doecke998 · wall_segment Palisade Wall x1 |
| 8:49 | doecke998 · wall_segment Palisade Wall x1 |
| 8:50 | doecke998 · wall_segment Palisade Wall x1 |
| 8:50 | doecke998 · wall_segment Palisade Wall x1 |
| 8:51 | unfold · age_up feudal |
| 8:51 | doecke998 · wall_segment Palisade Wall x1 |
| 8:52 | doecke998 · wall_segment Palisade Wall x1 |
| 8:52 | unfold · first_building Archery Range |
| 8:56 | doecke998 · wall_segment Palisade Wall x1 |
| 8:57 | doecke998 · wall_segment Palisade Wall x1 |
| 8:57 | doecke998 · wall_segment Palisade Wall x1 |
| 8:59 | doecke998 · wall_segment Palisade Wall x1 |
| 9:00 | doecke998 · wall_segment Palisade Wall x1 |
| 9:05 | doecke998 · wall_segment Palisade Wall x1 |
| 9:15 | doecke998 · wall_segment Palisade Wall x1 |
| 9:16 | doecke998 · wall_segment Palisade Wall x1 |
| 9:17 | doecke998 · wall_segment Palisade Wall x1 |
| 10:39 | doecke998 · age_up feudal |
| 10:47 | doecke998 · wall_segment Palisade Wall x5 |
| 11:55 | unfold · wall_segment Palisade Wall x1 |
| 11:57 | unfold · wall_segment Palisade Wall x3 |
| 13:45 | unfold · resign |
[ AI ANALYSIS · 1 CREDIT ]
What really happened in this match?
Wolo.gg analyzes every decision: build order, eco, micro, common mistakes by bracket. Personalized analysis on WhatsApp or Discord in 30 seconds.
Civ guide
Huns
Perfil
unfold